TOP OF THE 1ST |
Springfield Stars batting - Pitching for Austin River Sharks : RHP Brian Just
|
Pitching: RHP Brian Just
|
|
Batting: LHB Jesús Tobías
|
0-0: Ball 1-0: Ground out 4-3 (Groundball, 4S)
|
Batting: RHB Calvin Bennett
|
0-0: Ball 1-0: Fly out, F7 (Flyball, 7)
|
Batting: LHB Derek Davidson
|
0-0: Ball 1-0: Called Strike 1-1: Ball 2-1: Ball 3-1: Called Strike 3-2: Strikes out swinging
|
Top of the 1st over - 0 runs, 0 hits, 0 errors, 0 left on base; Springfield 0 - Austin 0 |
BOTTOM OF THE 1ST |
Austin River Sharks batting - Pitching for Springfield Stars : RHP Kyu-pyeong Pak
|
Pitching: RHP Kyu-pyeong Pak
|
|
Batting: RHB Tom Rowe
|
0-0: Ball 1-0: Ball 2-0: DOUBLE (Groundball, 5L)
|
Batting: RHB Richard Coker
|
0-0: Ball 1-0: Ground out 6-3 (Groundball, 6) Tom Rowe to third
|
Batting: RHB Edward Young
|
0-0: Ball 1-0: Ball 2-0: Called Strike 2-1: Ball 3-1: Fly out, F7 (Flyball, 78M) Runner from 3rd tags up, SCORES, no throw
|
Batting: LHB Fred Abrams
|
0-0: Ball 1-0: Ball 2-0: Foul Ball, location: 2F 2-1: Ball 3-1: Called Strike 3-2: Fly out, F3 (Popup, 3SF)
|
Bottom of the 1st over - 1 run, 1 hit, 0 errors, 0 left on base; Springfield 0 - Austin 1 |
TOP OF THE 2ND |
Springfield Stars batting - Pitching for Austin River Sharks : RHP Brian Just
|
Batting: LHB Felipe Guerrero
|
0-0: Called Strike 0-1: Ball 1-1: Ground out 1-3 (Groundball, P)
|
Batting: RHB Gabriel Erwin
|
0-0: Ball 1-0: Ball 2-0: Ball 3-0: Base on Balls
|
Batting: LHB Elliott Newell
|
0-0: Called Strike Gabriel Erwin steals 2nd base 0-1: Ball 1-1: Ground out 5-3 (Groundball, 56S) Gabriel Erwin to third
|
Batting: LHB Will Hill
|
0-0: Foul Ball, location: 2F 0-1: Ball 1-1: Called Strike 1-2: Ball 2-2: Strikes out swinging
|
Top of the 2nd over - 0 runs, 0 hits, 0 errors, 1 left on base; Springfield 0 - Austin 1 |
BOTTOM OF THE 2ND |
Austin River Sharks batting - Pitching for Springfield Stars : RHP Kyu-pyeong Pak
|
Batting: RHB Tony Cruz
|
0-0: Ground out 5-3 (Groundball, 56)
|
Batting: LHB Enrico Vargas
|
0-0: Ball 1-0: Foul Ball, location: 2F 1-1: Ball 2-1: Fly out, F1 (Line Drive, 13)
|
Batting: RHB Jesús Hernández
|
0-0: Ground out 4-3 (Groundball, 4)
|
Bottom of the 2nd over - 0 runs, 0 hits, 0 errors, 0 left on base; Springfield 0 - Austin 1 |
TOP OF THE 3RD |
Springfield Stars batting - Pitching for Austin River Sharks : RHP Brian Just
|
Batting: RHB Juan Carlos Rodríguez
|
0-0: Fly out, F8 (Flyball, 8LS)
|
Batting: LHB Roberto Trujillo
|
0-0: Ball 1-0: Ball 2-0: Called Strike 2-1: Ground out 6-3 (Groundball, 6)
|
Batting: LHB Jesús Tobías
|
0-0: Ball 1-0: Called Strike 1-1: Ground out 4-3 (Groundball, 4S)
|
Top of the 3rd over - 0 runs, 0 hits, 0 errors, 0 left on base; Springfield 0 - Austin 1 |
BOTTOM OF THE 3RD |
Austin River Sharks batting - Pitching for Springfield Stars : RHP Kyu-pyeong Pak
|
Batting: RHB Andy Aiton
|
0-0: Ball 1-0: Ground out 6-3 (Groundball, 6)
|
Batting: LHB José Lińares
|
0-0: Ground out 1-3 (Groundball, P)
|
Batting: RHB Tom Rowe
|
0-0: Called Strike 0-1: Fly out, F6 (Line Drive, 6)
|
Bottom of the 3rd over - 0 runs, 0 hits, 0 errors, 0 left on base; Springfield 0 - Austin 1 |
TOP OF THE 4TH |
Springfield Stars batting - Pitching for Austin River Sharks : RHP Brian Just
|
Batting: RHB Calvin Bennett
|
0-0: Ball 1-0: Called Strike 1-1: Foul Ball, location: 2F 1-2: Ball 2-2: Ball 3-2: Foul Ball, location: 2F 3-2: Foul Ball, location: 2F 3-2: Strikes out swinging
|
Batting: LHB Derek Davidson
|
0-0: Ball 1-0: Called Strike 1-1: Ball 2-1: Called Strike 2-2: Fly out, F8 (Flyball, 8RM)
|
Batting: LHB Felipe Guerrero
|
0-0: Foul Ball, location: 2F 0-1: SOLO HOME RUN (Flyball, 9LD), Distance : 376 ft
|
Batting: RHB Gabriel Erwin
|
0-0: Ball 1-0: Swinging Strike 1-1: Called Strike 1-2: Ball 2-2: Ball 3-2: Base on Balls
|
Batting: LHB Elliott Newell
|
0-0: Ball 1-0: Ball 2-0: Ball 3-0: Called Strike 3-1: Foul Ball, location: 2F 3-2: Strikes out swinging
|
Top of the 4th over - 1 run, 1 hit, 0 errors, 1 left on base; Springfield 1 - Austin 1 |
BOTTOM OF THE 4TH |
Austin River Sharks batting - Pitching for Springfield Stars : RHP Kyu-pyeong Pak
|
Batting: RHB Richard Coker
|
0-0: Called Strike 0-1: Ball 1-1: SINGLE (Groundball, 4D)
|
Batting: RHB Edward Young
|
0-0: Swinging Strike 0-1: Ball 1-1: Ball 2-1: Called Strike 2-2: Ground out 5-3 (Groundball, 56S) Richard Coker to second
|
Batting: LHB Fred Abrams
|
0-0: Ball 1-0: Ball 2-0: Called Strike 2-1: Foul Ball, location: 2F 2-2: Strikes out swinging
|
Batting: RHB Tony Cruz
|
0-0: Called Strike 0-1: Ball 1-1: Foul Ball, location: 2F 1-2: Foul Ball, location: 2F 1-2: Ball 2-2: Ball 3-2: Foul Ball, location: 2F 3-2: Foul Ball, location: 2F 3-2: Base on Balls
|
Batting: LHB Enrico Vargas
|
0-0: Ball 1-0: Swinging Strike 1-1: Fly out, F9 (Flyball, 9S)
|
Bottom of the 4th over - 0 runs, 1 hit, 0 errors, 2 left on base; Springfield 1 - Austin 1 |
TOP OF THE 5TH |
Springfield Stars batting - Pitching for Austin River Sharks : RHP Brian Just
|
Batting: LHB Will Hill
|
0-0: Ball 1-0: Ball 2-0: Ball 3-0: Called Strike 3-1: SINGLE (Flyball, 78M)
|
Batting: RHB Juan Carlos Rodríguez
|
0-0: Ball Pickoff Throw to First - Error! E1 Will Hill to second 1-0: Intentional Walk
|
Batting: LHB Roberto Trujillo
|
0-0: Called Strike 0-1: Ball 1-1: Called Strike 1-2: Grounds into double play, 6-4-3 (Groundball, 6D) Will Hill to third
|
Batting: LHB Jesús Tobías
|
0-0: Fly out, F8 (Line Drive, 8LM)
|
Top of the 5th over - 0 runs, 1 hit, 1 error, 1 left on base; Springfield 1 - Austin 1 |
BOTTOM OF THE 5TH |
Austin River Sharks batting - Pitching for Springfield Stars : RHP Kyu-pyeong Pak
|
Batting: RHB Jesús Hernández
|
0-0: Foul Ball, location: 2F 0-1: Foul Ball, location: 2F 0-2: Strikes out looking
|
Batting: RHB Andy Aiton
|
0-0: SINGLE (Groundball, 4S) (infield hit)
|
Batting: LHB José Lińares
|
0-0: Ball 1-0: Called Strike Andy Aiton steals 2nd base 1-1: Intentional Walk
|
Batting: RHB Tom Rowe
|
0-0: Foul Ball, location: 2F 0-1: Foul Ball, location: 2F 0-2: Fielders Choice at 2nd, 5-4 (Groundball, 56) Andy Aiton to third
|
Batting: RHB Richard Coker
|
0-0: Called Strike Tom Rowe steals 2nd base 0-1: Ball 1-1: Ball 2-1: Foul Ball, location: 2F 2-2: Ground out 6-3 (Groundball, 6)
|
Bottom of the 5th over - 0 runs, 1 hit, 0 errors, 2 left on base; Springfield 1 - Austin 1 |
TOP OF THE 6TH |
Springfield Stars batting - Pitching for Austin River Sharks : RHP Brian Just
|
Batting: RHB Calvin Bennett
|
0-0: Ball 1-0: Fly out, F8 (Flyball, 8RM)
|
Batting: LHB Derek Davidson
|
0-0: Called Strike 0-1: Ball 1-1: Foul Ball, location: 2F 1-2: Ground out 4-3 (Groundball, 4)
|
Batting: LHB Felipe Guerrero
|
0-0: Ball 1-0: Ball 2-0: Ball 3-0: Base on Balls
|
Batting: RHB Gabriel Erwin
|
0-0: SINGLE (Groundball, 56S) (infield hit) Felipe Guerrero to second
|
Batting: LHB Elliott Newell
|
0-0: Ball 1-0: Called Strike 1-1: Fly out, F6 (Line Drive, 6S)
|
Top of the 6th over - 0 runs, 1 hit, 0 errors, 2 left on base; Springfield 1 - Austin 1 |
BOTTOM OF THE 6TH |
Austin River Sharks batting - Pitching for Springfield Stars : RHP Kyu-pyeong Pak
|
Batting: RHB Edward Young
|
0-0: Foul Ball, location: 2F 0-1: Swinging Strike 0-2: Strikes out swinging
|
Batting: LHB Fred Abrams
|
0-0: Called Strike 0-1: Ball 1-1: Ground out 5-3 (Groundball, 56)
|
Batting: RHB Tony Cruz
|
0-0: Ground out 4-3 (Groundball, 4)
|
Bottom of the 6th over - 0 runs, 0 hits, 0 errors, 0 left on base; Springfield 1 - Austin 1 |
TOP OF THE 7TH |
Springfield Stars batting - Pitching for Austin River Sharks : RHP Brian Just
|
Pitching: LHP Manuel Gil
|
|
Batting: LHB Will Hill
|
0-0: Called Strike 0-1: Swinging Strike 0-2: Foul Ball, location: 2F 0-2: Ground out U3 (Groundball, 3)
|
Batting: RHB Juan Carlos Rodríguez
|
0-0: Ball 1-0: Foul Ball, location: 2F 1-1: Ball 2-1: Called Strike 2-2: Foul Ball, location: 2F 2-2: Foul Ball, location: 2F 2-2: Ground out 5-3 (Groundball, 56)
|
Batting: LHB Roberto Trujillo
|
0-0: Ball 1-0: SINGLE (Groundball, 34D)
|
Batting: LHB Jesús Tobías
|
0-0: Ball 1-0: Ball 2-0: Ball 3-0: Called Strike 3-1: Swinging Strike 3-2: Foul Ball, location: 2F 3-2: SINGLE (Groundball, 6) (infield hit) Roberto Trujillo to second
|
Batting: RHB Calvin Bennett
|
0-0: Called Strike 0-1: Called Strike 0-2: Ball 1-2: 3-RUN HOME RUN (Flyball, 9D), Distance : 387 ft
|
Pitching: RHP Luis Trujillo
|
|
Batting: LHB Derek Davidson
|
0-0: Ball 1-0: Swinging Strike 1-1: Called Strike 1-2: Ground out 4-3 (Groundball, 4MS)
|
Top of the 7th over - 3 runs, 3 hits, 0 errors, 0 left on base; Springfield 4 - Austin 1 |
BOTTOM OF THE 7TH |
Austin River Sharks batting - Pitching for Springfield Stars : RHP Kyu-pyeong Pak
|
Batting: LHB Enrico Vargas
|
0-0: Called Strike 0-1: Ball 1-1: Ball 2-1: Foul Ball, location: 2F 2-2: Ground out 4-3 (Groundball, 4)
|
Batting: RHB Jesús Hernández
|
0-0: Swinging Strike 0-1: Ball 1-1: Called Strike 1-2: Fly out, F3 (Popup, 34S)
|
Batting: RHB Andy Aiton
|
0-0: Called Strike 0-1: Foul Ball, location: 2F 0-2: Ball 1-2: Ground out U3 (Groundball, 34)
|
Bottom of the 7th over - 0 runs, 0 hits, 0 errors, 0 left on base; Springfield 4 - Austin 1 |
TOP OF THE 8TH |
Springfield Stars batting - Pitching for Austin River Sharks : RHP Luis Trujillo
|
Batting: LHB Felipe Guerrero
|
0-0: Ground out 5-3 (Groundball, 56)
|
Batting: RHB Gabriel Erwin
|
0-0: Ball 1-0: Swinging Strike 1-1: Foul Ball, location: 2F 1-2: Strikes out looking
|
Batting: LHB Elliott Newell
|
0-0: Ball 1-0: Ball 2-0: Swinging Strike 2-1: Swinging Strike 2-2: Strikes out looking
|
Top of the 8th over - 0 runs, 0 hits, 0 errors, 0 left on base; Springfield 4 - Austin 1 |
BOTTOM OF THE 8TH |
Austin River Sharks batting - Pitching for Springfield Stars : RHP Kyu-pyeong Pak
|
Batting: LHB José Lińares
|
0-0: Called Strike 0-1: Foul Ball, location: 2F 0-2: Ground out 3-1 (Groundball, 34S)
|
Batting: RHB Tom Rowe
|
0-0: Ground out 4-3 (Groundball, 4)
|
Batting: RHB Richard Coker
|
0-0: Swinging Strike 0-1: Called Strike 0-2: Ball 1-2: Ball 2-2: Foul Ball, location: 2F 2-2: Ball 3-2: Strikes out swinging
|
Bottom of the 8th over - 0 runs, 0 hits, 0 errors, 0 left on base; Springfield 4 - Austin 1 |
TOP OF THE 9TH |
Springfield Stars batting - Pitching for Austin River Sharks : RHP Luis Trujillo
|
Batting: LHB Will Hill
|
0-0: Ball 1-0: Called Strike 1-1: Fly out, F2 (Popup, 2R)
|
Batting: RHB Juan Carlos Rodríguez
|
0-0: Ball 1-0: Called Strike 1-1: Ball 2-1: Ground out 1-3 (Groundball, P)
|
Batting: LHB Roberto Trujillo
|
0-0: Called Strike 0-1: Ball 1-1: Ground out 4-3 (Groundball, 4)
|
Top of the 9th over - 0 runs, 0 hits, 0 errors, 0 left on base; Springfield 4 - Austin 1 |
BOTTOM OF THE 9TH |
Austin River Sharks batting - Pitching for Springfield Stars : RHP Kyu-pyeong Pak
|
Pitching: RHP José Valdéz
|
|
Batting: RHB Edward Young
|
0-0: Swinging Strike 0-1: Ball 1-1: Ball 2-1: Called Strike 2-2: Foul Ball, location: 2F 2-2: Strikes out looking
|
Batting: LHB Fred Abrams
|
0-0: Called Strike 0-1: Ball 1-1: Called Strike 1-2: Fly out, F7 (Flyball, 7)
|
Batting: RHB Tony Cruz
|
0-0: Ball 1-0: Swinging Strike 1-1: Ball 2-1: Ground out 4-3 (Groundball, 4)
|
Bottom of the 9th over - 0 runs, 0 hits, 0 errors, 0 left on base; Springfield 4 - Austin 1 |
|